AoeStats
← paludoortiz

Arabia

508502411Analyzed
1v1 RM · 8d ago on Sep 22, 2026· 48m 6s· 2 players
Game mode
Random Map
Map size
Tiny (2 player)
Population
200
Speed
Normal
Resources
Standard
Victory
Conquest
Starting age
Dark Age
Ending age
Imperial Age
RankedLock teamsTeams togetherTeam positionsShared explorationLock speedFull tech treeHidden civsTurbo modeCheats
Victory
Defeat
🇦🇷 Mongols · Argentina
423
+18
🇧🇷 Celts · Brazil
458
-18
LORD LEOMAN
1:14 Loom
10:02 Feudal Age
11:54 Double-Bit Axe
14:01 Wheelbarrow
15:49 Gold Mining
17:03 Horse Collar
20:40 Stone Mining
23:29 Castle Age
22:54 Padded Archer Armor
22:45 Fletching
25:02 Bow Saw
25:17 Crossbowman
29:09 Heavy Plow
29:22 Thumb Ring
31:07 Stone Shaft Mining
32:33 Murder Holes
33:10 Leather Archer Armor
34:19 Ballistics
35:54 Hand Cart
37:35 Bodkin Arrow
38:38 Gold Shaft Mining
42:40 Imperial Age
43:09 Nomads
43:43 Bracer
43:53 Bracer
45:24 Chemistry
paludoortiz
5:17 Loom
13:15 Feudal Age
14:56 Wheelbarrow
15:50 Double-Bit Axe
15:48 Horse Collar
16:36 Man-at-Arms
26:05 Castle Age
28:48 Arson
38:06 Long Swordsman
43:33 Light Cavalry
Connection lost

Rejoining the realm…

Still unreachable

The connection could not be restored.

Session expired

The server has moved on; the page needs a fresh start.